 Dungeon Crawl Stone Soup version 0.18-a0-1426-g3b9a63c (webtiles) character file.

23 M4edhros the Charlatan (level 3, 0/23 HPs)
             Began as an Octopode Artificer on Feb 28, 2016.
             Slain by a crimson imp (1 damage)
             ... summoned by Natasha
             ... on level 4 of the Dungeon.
             The game lasted 00:01:20 (863 turns).

M4edhros the Charlatan (Octopode Artificer)          Turns: 863, Time: 00:01:20

Health: 0/23       AC:  1    Str: 10    XL:     3   Next: 0%
Magic:  5/5        EV: 12    Int: 15    God:
Gold:   122        SH:  0    Dex: 12    Spells: 0 memorised, 2 levels left

rFire  . . .     SeeInvis .       - Unarmed
rCold  . . .     Gourm    .     (no shield)
rNeg   . . .     Faith    .     (helmet restricted)
rPois  .         Spirit   .     (no amulet)
rElec  .         Dismiss  .     (no ring)
rCorr  .         Reflect  .     (no ring)
SustAt .         Harm     .     (no ring)
MR     .....                    (no ring)
Stlth  +++.......               (no ring)
                                (no ring)
                                (no ring)
                                (no ring)

@: not resistant to hostile enchantments, fairly stealthy
A: almost no armour, amphibious, 8 rings, constrict 8, camouflage 1, gelatinous
body 1
a: no special abilities


You were on level 4 of the Dungeon.
You were not hungry.

You visited 1 branch of the dungeon, and saw 4 of its levels.

You collected 122 gold pieces.

Inventory:

Wands
 b - a wand of flame (15/48)
 c - a wand of enslavement (15/24)
 d - a wand of random effects (15/48)
Scrolls
 a - a scroll of magic mapping {unknown}
 g - 2 scrolls of identify {unknown}
 i - a scroll of immolation {unknown}
 k - a scroll of teleportation {unknown}
 l - 2 scrolls of remove curse {unknown}
Potions
 e - 3 potions of flight {unknown}
 h - a potion of brilliance {unknown}
 j - 2 potions of degeneration {unknown}
 n - a potion of lignification {unknown}
Comestibles
 f - a bread ration
 m - a royal jelly


   Skills:
 - Level 1.0 Fighting
   Level 1.0 Short Blades
 - Level 2.0 Dodging
 - Level 1.3 Stealth
 + Level 2.4 Unarmed Combat
 - Level 3.2 Evocations


You had 2 spell levels left.
You didn't know any spells.

Dungeon Overview and Level Annotations

Branches:
Dungeon (4/15)
 Temple: D:4-7

Altars:

Annotations:
D:4 Natasha


Innate Abilities, Weirdness & Mutations

You cannot wear most types of armour.
You are amphibious.
You can wear up to eight rings at the same time.
You can use your tentacles to constrict eight enemies at once.
Your skin changes colour to match your surroundings (Stealth).
Your rubbery body absorbs attacks (AC +1).


Message History

You constrict the crimson imp, but do no damage.
The crimson imp closely misses you. Natasha claws you!
You barely miss Natasha. Your grab misses Natasha.
You constrict the crimson imp.
The crimson imp disappears for a moment.
The crimson imp hits you.
Unknown command.
You tentacle-slap Natasha but do no damage.
You grab Natasha. You constrict Natasha. You constrict the crimson imp.
Natasha claws you. The crimson imp hits you.
* * * LOW HITPOINT WARNING * * *
Unknown command.
You barely miss Natasha.
Natasha is lightly wounded.
You constrict Natasha. You constrict the crimson imp.
Natasha casts a spell at you. The magic dart hits you!
* * * LOW HITPOINT WARNING * * *
The crimson imp hits you.
You die...

#........#
#........#####...
#................
####.............
#......##........
#......##........
#......##........
#......#♣♣♣♣♣♣♣♣.
#......♣♣♣.♣5@.♣
#........P...♣h..)...
#......♣....♣♣♣♣.....
#......♣♣♣♣♣♣ ....
#......# ##. #.......
#........ ######....
#.....


You could see Natasha and a crimson imp.

Vanquished Creatures
  A giant gecko (D:1)
  2 bats (D:2)
  A giant cockroach (D:2)
  A goblin (D:2)
  5 hobgoblins
  3 jackals (D:3)
  2 kobolds
  3 rats (D:2)
18 creatures vanquished.

Notes
Turn   | Place    | Note
--------------------------------------------------------------
     0 | D:1      | M4edhros the Octopode Artificer began the quest for the Orb.
     0 | D:1      | Reached XP level 1. HP: 13/13 MP: 3/3
    82 | D:1      | Reached skill level 1 in Unarmed Combat
   272 | D:2      | Reached XP level 2. HP: 8/18 MP: 4/4
   658 | D:3      | Reached XP level 3. HP: 12/23 MP: 5/5
   857 | D:4      | Noticed Natasha
   863 | D:4      | HP: 1/23 [Natasha/magic dart (5)]
   863 | D:4      | Slain by a crimson imp

Vault maps used:
D:1:      lemuel_arrival_muddy, kennysheep_small_spiral
D:2:      minivault_14, grunt_ministairs_9
D:3:      tgw_trog, lemuel_doored_altar, first_bread
D:4:      minitemple, nicolae_overflow_crystal_walls, serial_forest,
          infiniplex_forest_clump_double, infiniplex_forest_lined_corner,
          infiniplex_forest_clump_double, infiniplex_forest_zigzag_1,
          infiniplex_forest_clump_curved, infiniplex_forest_clump_C,
          infiniplex_forest_straight_2, infiniplex_forest_straight_4,
          uniq_robin, uniq_natasha, uniq_pikel

Skill      XL: |  1  2 |
---------------+-------+-----
Unarmed Combat | 1 2 |  2.4
Fighting       | |  1.0
Short Blades   | |  1.0
Dodging        | |  2.0
Stealth        | |  1.3
Evocations     | |  3.2

Action                   || total
-------------------------++-------
Melee: Unarmed           ||    52
 Stab: Sleeping          ||     4
